 Dungeon Crawl Stone Soup version 0.29-a0-380-gf50f0a9fbc (webtiles) character file.

Game seed: 15889243936375057162

16415 ytrimaz the Cleaver (level 12, -3/92 HPs)
             Began as a Demonspawn Fighter on May 5, 2022.
             Was an Initiate of Gozag.
             Slain by a skeletal warrior
             ... wielding a +0 battleaxe of electrocution
              (5 damage)
             ... on level 12 of the Dungeon.
             The game lasted 00:19:56 (14425 turns).

ytrimaz the Cleaver (Demonspawn Fighter)           Turns: 14425, Time: 00:19:56

Health: -3/92      AC: 22    Str: 21    XL:     12   Next: 9%
Magic:  0/12       EV:  6    Int: 10    God:    Gozag
Gold:   901        SH: 10    Dex: 13    Spells: 11/11 levels left

rFire   + + .      SeeInvis .   a - +0 war axe (chaos)
rCold   + . .      Faith    .   c - +0 buckler
rNeg    . . .      Spirit   +   j - +3 plate armour {rF+}
rPois   .          Reflect  +   q - +0 helmet
rElec   .          Harm     .   H - scarf {rC+ rF+}
rCorr   .          Rampage  .   M - +1 pair of gloves
Will    .....      Clarity  +   (no boots)
Stlth   ..........              d - amulet of reflection
HPRegen 0.25/turn               (no ring)
MPRegen 0.26/turn               (no ring)

@: no status effects
A: hooves 2, icy blue scales 1, ignite blood 2, magic shield, magic
regeneration, clarity
a: Renounce Religion, Potion Petition, Call Merchant, Bribe Branch


You were on level 12 of the Dungeon.
You worshipped Gozag.
Gozag was pleased with you.
You visited 1 branch of the dungeon, and saw 12 of its levels.
You also visited: Bailey.

You collected 1829 gold pieces.
You paid 928 gold pieces to Gozag.

Inventory:

Hand Weapons
 a - a +0 war axe of chaos (weapon)
 s - a +3 battleaxe of freezing
Missiles
 k - 21 boomerangs
 l - a throwing net
Armour
 c - a +0 buckler (worn)
 e - +0 acid dragon scales
 f - a +0 tower shield
 j - a +3 plate armour of fire resistance (worn)
 q - a +0 helmet (worn)
 H - a scarf of resistance (worn)
 M - a +1 pair of gloves (worn)
 Q - a +1 helmet
Jewellery
 d - an amulet of reflection (around neck)
 v - an amulet of faith
 w - an amulet of the acrobat
 I - an amulet of magic regeneration
Wands
 n - a wand of iceblast (23)
 x - a wand of paralysis (13) (quivered)
 B - a wand of charming (7)
 E - a wand of digging (3)
 L - a wand of flame (9)
Scrolls
 g - 2 scrolls of enchant weapon
 h - 2 scrolls of magic mapping
 i - a scroll of vulnerability
 o - 10 scrolls of teleportation
 p - 3 scrolls of poison
 u - 2 scrolls of fog
 y - 2 scrolls of fear
 C - 2 scrolls of brand weapon
 D - 2 scrolls of summoning
 P - a scroll of identify
Potions
 b - a potion of attraction
 m - 2 potions of ambrosia {unknown}
 r - a potion of mutation
 t - a potion of cancellation
 z - 5 potions of flight
 A - 2 potions of magic
 F - a potion of resistance
 G - 2 potions of curing
 J - 2 potions of lignification
 K - a potion of invisibility
 N - 2 potions of heal wounds
 O - 2 potions of berserk rage {unknown}


   Skills:
 + Level 8.0 Fighting
 * Level 14.2 Axes
 + Level 8.7 Armour
 - Level 5.0 Shields
 - Level 1.0 Evocations


You had 11 spell levels left.
You didn't know any spells.
Your spell library contained the following spells:

 Spells                   Type           Power      Damage    Failure   Level
 Animate Skeleton         Necr           0%         N/A       100%        1
 Pain                     Necr           0%         1d4       100%        1
 Sting                    Tmut/Pois      0%         1d3       100%        1
 Corpse Rot               Necr/Air       0%         N/A       100%        2
 Ensorcelled Hibernation  Hex/Ice        0%         N/A       100%        2
 Poisonous Vapours        Pois/Air       0%         N/A       100%        2
 Frozen Ramparts          Ice            0%         1d2       100%        3
 Spider Form              Tmut/Pois      0%         N/A       100%        3
 Vampiric Draining        Necr           0%         2d6       100%        3
 Anguish                  Hex/Necr       0%         N/A       100%        4
 Hailstorm                Conj/Ice       0%         3d3       100%        4
 Ice Form                 Ice/Tmut       0%         N/A       100%        4
 Olgreb's Toxic Radiance  Pois           0%         N/A       100%        4
 Summon Ice Beast         Ice/Summ       0%         N/A       100%        4
 Simulacrum               Ice/Necr       0%         N/A       100%        6


Dungeon Overview and Level Annotations

Branches:
Dungeon (12/15)            Temple (0/1) D:5            Lair (0/6) D:9
    Orc (0/2) D:12         Bailey (visited)

Altars:
Cheibriados
Elyvilon
Gozag
Makhleb
Qazlal
Ru
Sif Muna
Trog
Vehumet
Wu Jian

Shops:
D:10 *   D:11 (

Annotations:
Abyss:1 Harold


Innate Abilities, Weirdness & Mutations

You have hoof-like feet.
You are partially covered in icy blue scales. (AC +2)
Your demonic aura often causes spilled blood to erupt in flames.
When hurt, damage is shared between your health and your magic reserves.
You regenerate magic rapidly.
You possess an exceptional clarity of mind.


Message History

You barely miss the skeletal warrior. The centaur hits you.
You block the centaur's attack.
The centaur hits you but does no damage.
The centaur kicks you.
You block the skeletal warrior's attack.
You slash the centaur!
You kill the centaur!
You completely miss the skeletal warrior.
You closely miss the skeletal warrior.
You block the skeletal warrior's attack.
You hit the skeletal warrior but do no damage.
You block the skeletal warrior's attack.
You hit the skeletal warrior.
The skeletal warrior is lightly damaged.
The skeletal warrior is distracted by your dazzling golden aura.
The skeletal warrior hits you but does no damage.
You barely miss the skeletal warrior.
You kick the skeletal warrior, but do no damage.
A slime creature comes into view.
The skeletal warrior hits you with a +0 battleaxe!
The skeletal warrior hits you with a +0 short sword.
The skeletal warrior hits you with a +0 battleaxe of electrocution.
You are electrocuted!
Unknown command.
The skeletal warrior barely misses you.
The skeletal warrior hits you with a +0 battleaxe of electrocution!
You are electrocuted!
The skeletal warrior attacks as you move away!
The skeletal warrior hits you with a +0 battleaxe of electrocution!
* * * LOW HITPOINT WARNING * * *
You are electrocuted!!
* * * LOW HITPOINT WARNING * * *
The skeletal warrior is no longer distracted by gold.
The skeletal warrior attacks as you move away!
You block the skeletal warrior's attack.
Unknown command.
The skeletal warrior attacks as you move away!
The skeletal warrior hits you with a +0 battleaxe of electrocution.
You die...
Your body crumbles into a pile of gold.

.. #........ #.. #.......#
##..### #.......##
#......###.........
.......#........[#
......z..#..#....##########
J.......z...#....##........
#......#○.z##....##.#######
#........z@......##.## #.
#...........#........# #.
#..........[.........#####.
#...........#.........#....
.......###.................
#..## #...........#..#..
...##.# #.........(......#
.>...
.#####................#
#....
......................


You could see 4 skeletal warriors.

Vanquished Creatures
  Snorg (D:10)
  A boulder beetle (D:12)
  A two-headed ogre (Bailey)
  A centaur warrior (D:11)
  A deep elf pyromancer (D:8)
  An ugly thing (D:10)
  3 cyclopes
  Joseph (D:7)
  Psyche (D:9)
  3 kobold demonologists (D:10)
  3 trolls
  Prince Ribbit (D:6)
  A wind drake (shapeshifter) (D:9)
  2 spriggans (Bailey)
  19 yaks
  7 vampire mosquitoes
  3 steam dragons
  2 acid dragons
  4 water moccasins
  3 orc warriors
  3 sky beasts
  3 black bears
  7 ogres
  2 phantoms
  7 centaurs
  2 kobold brigands
  A scorpion (D:6)
  2 bullfrogs (D:7)
  2 necrophages (D:7)
  8 wights
  An electric eel (D:9)
  4 howler monkeys
  2 jellies
  A lava snake (D:10)
  3 hounds
  6 orc priests
  Jessica (D:3)
  An iguana (D:6)
  Natasha (thrice) (D:3)
  11 orc wizards
  7 adders
  4 gnolls
  2 white imps
  2 dart slugs (D:3)
  34 orcs
  7 endoplasms
  7 giant cockroaches
  4 hobgoblins
  7 jackals
  14 kobolds
  5 quokkas
  7 ball pythons
  4 bats
  5 frilled lizards
  7 goblins
  A rat (D:3)
246 creatures vanquished.

Vanquished Creatures (collateral kills)
  A vampire mosquito (D:12)
1 creature vanquished.

Vanquished Creatures (others)
  A shadow (D:11)
  An orc wizard (D:9)
  5 fungi (D:9)
  13 plants
20 creatures vanquished.

Grand Total: 267 creatures vanquished

Notes
Turn   | Place    | Note
-------+----------+-------------------------------------------
     0 | D:1      | ytrimaz the Demonspawn Fighter began the quest for the Orb.
     0 | D:1      | Reached XP level 1. HP: 18/18 MP: 1/1
   227 | D:1      | Gained mutation: You regenerate magic rapidly. [demonic
                  | ancestry]
   227 | D:1      | Reached XP level 2. HP: 24/24 MP: 2/2
   255 | D:1      | Reached skill level 2 in Axes
   847 | D:1      | Found a faded altar of an unknown god.
  1004 | D:2      | Gained mutation: Your demonic aura sometimes causes spilled
                  | blood to erupt in flames. [demonic ancestry]
  1004 | D:2      | Reached XP level 3. HP: 14/29 MP: 3/3
  1782 | D:3      | Reached XP level 4. HP: 35/35 MP: 4/4
  2009 | D:3      | Reached skill level 3 in Axes
  2196 | D:3      | Noticed Natasha
  2200 | D:3      | Killed Natasha
  2241 | D:3      | Noticed an ogre
  2249 | D:3      | Killed an ogre
  2250 | D:3      | Gained mutation: When hurt, damage is shared between your
                  | health and your magic reserves. [demonic ancestry]
  2250 | D:3      | Reached XP level 5. HP: 41/41 MP: 5/5
  2281 | D:3      | Noticed Natasha
  2284 | D:3      | Found the dreamshard necklace {*Dream Drain}
  2286 | D:3      | Killed Natasha
  2287 | D:3      | Reached skill level 4 in Axes
  2365 | D:3      | Noticed Natasha
  2371 | D:3      | Killed Natasha
  2372 | D:3      | Gained mutation: You have large cloven feet. [demonic
                  | ancestry]
  2372 | D:3      | Reached XP level 6. HP: 37/47 MP: 6/6
  2609 | D:3      | Noticed Jessica
  2614 | D:3      | Killed Jessica
  3858 | D:5      | Entered Level 5 of the Dungeon
  3901 | D:5      | Reached skill level 5 in Axes
  3906 | D:5      | Reached XP level 7. HP: 37/53 MP: 4/7
  4039 | D:5      | Found a staircase to the Ecumenical Temple.
  4064 | D:5      | Gained mutation: You possess an exceptional clarity of
                  | mind. [potion of mutation]
  4067 | D:5      | HP: 2/81 [acid dragon (4)]
  4072 | D:5      | Reached skill level 6 in Axes
  4581 | D:5      | Found a shimmering blue altar of Sif Muna.
  5119 | D:6      | Noticed Prince Ribbit
  5149 | D:6      | Killed Prince Ribbit
  5150 | D:6      | Gained mutation: You have hoof-like feet. [demonic
                  | ancestry]
  5150 | D:6      | Reached XP level 8. HP: 61/61 MP: 3/8
  5330 | D:6      | Reached skill level 7 in Axes
  5776 | D:6      | Reached skill level 5 in Fighting
  6284 | D:6      | Found a radiant altar of Vehumet.
  6319 | D:6      | Reached skill level 8 in Axes
  6629 | D:7      | Reached skill level 5 in Shields
  6639 | D:7      | Reached XP level 9. HP: 61/68 MP: 7/9
  6730 | D:7      | Reached skill level 5 in Armour
  6987 | D:7      | Reached skill level 9 in Axes
  7148 | D:7      | Noticed Joseph
  7157 | D:7      | Killed Joseph
  7542 | D:8      | Noticed a troll
  7548 | D:8      | Killed a troll
  7553 | D:8      | Noticed a deep elf pyromancer
  7564 | D:8      | Killed a deep elf pyromancer
  7565 | D:8      | Reached skill level 10 in Axes
  7598 | D:8      | Noticed a red ugly thing
  7608 | D:8      | Found a flagged portal.
  7635 | Bailey   | Entered a bailey
  7657 | Bailey   | Gained mutation: You are partially covered in icy blue
                  | scales. (AC +2) [demonic ancestry]
  7657 | Bailey   | Reached XP level 10. HP: 29/76 MP: 5/10
  7668 | Bailey   | Reached skill level 1 in Evocations
  7906 | Bailey   | Noticed a two-headed ogre
  7929 | Bailey   | Killed a two-headed ogre
  8008 | Bailey   | Reached skill level 11 in Axes
  8500 | D:8      | Noticed a deep elf pyromancer
  8504 | D:8      | Noticed a manticore
  8513 | D:8      | Noticed a cyclops
  9198 | D:9      | Noticed Harold
  9203 | D:9      | Banished Harold
  9293 | D:9      | Found an ornate altar of the Wu Jian Council.
  9295 | D:9      | Found a snail-covered altar of Cheibriados.
  9298 | D:9      | Noticed Psyche
  9299 | D:9      | Found an opulent altar of Gozag.
  9299 | D:9      | Found a sacrificial altar of Ru.
  9299 | D:9      | Found a burning altar of Makhleb.
  9301 | D:9      | Found a bloodstained altar of Trog.
  9303 | D:9      | Killed Psyche
  9337 | D:9      | Became a worshipper of Gozag Ym Sagoz the Greedy
  9425 | D:9      | Reached skill level 12 in Axes
 10025 | D:9      | Reached XP level 11. HP: 78/83 MP: 11/11
 10641 | D:9      | Found a staircase to the Lair.
 11040 | D:10     | Entered Level 10 of the Dungeon
 11150 | D:10     | Found a stormy altar of Qazlal.
 11403 | D:10     | Noticed a white ugly thing
 11403 | D:10     | Found Faemav's General Store.
 11424 | D:10     | Reached skill level 13 in Axes
 11558 | D:10     | Noticed Snorg
 11578 | D:10     | HP: 2/84 [Snorg (8)]
 11578 | D:10     | Killed Snorg
 11980 | D:10     | Killed a white ugly thing
 12583 | D:11     | Noticed a centaur warrior
 12602 | D:11     | Killed a centaur warrior
 13466 | D:12     | Reached skill level 14 in Axes
 13588 | D:12     | Noticed a boulder beetle
 13914 | D:12     | Killed a boulder beetle
 13915 | D:12     | Gained mutation: Your demonic aura often causes spilled
                  | blood to erupt in flames. [demonic ancestry]
 13915 | D:12     | Reached XP level 12. HP: 9/92 MP: 3/12
 14269 | D:12     | Found a staircase to the Orcish Mines.
 14423 | D:12     | HP: 1/92 [skeletal warrior/+0 battleaxe of electrocution
                  | (16)]
 14425 | D:12     | Slain by a skeletal warrior

Illustrated notes

Levels and vault maps discovered:
D:1:      dpeg_arrival_snail, layout_basic,
          dreamdust_ecumenical_altar_angels_and_demons
D:2:      layout_rooms
D:3:      layout_basic, nicolae_grassy_gnolls, uniq_jessica, uniq_natasha
D:4:      cheibrodos_quashed, layout_basic
D:5:      layout_basic, nicolae_sif_muna_little_library,
          minmay_temple_entry_grid, serial_corexii_hall, corexii_hall_statues_x,
          chequers_hall_statues_wall_a
D:6:      layout_basic, nicolae_vehumet_radiance, general_overflow_altar,
          uniq_prince_ribbit1
D:7:      layout_basic, st_stairs_10, uniq_joseph
D:8:      layout_cave_pools, enter_bailey_5, onia_ninara_dug_in_and_dangerous
D:9:      layout_gridville, minitemple, dpeg_oklobed_lair, nrook_pool_corridor,
          uniq_harold, uniq_psyche
D:10:     layout_basic, mainiacjoe_overflow_small_starburst, serial_shops,
          nicolae_inconvenience_store, uniq_snorg
D:11:     layout_basic
D:12:     layout_rooms, orc_0_dummy

Skill      XL: |  1  2  3  4  5  6  7  8  9 10 11 12 |
---------------+-------------------------------------+-----
Axes           | 2 3 4 5 6 8 10 12 14 | 14.2
Shields        | 3 4 5 |  5.0
Armour         | 3 4 5 7 8 |  8.7
Fighting       | 4 5 6 7 8 |  8.0
Evocations     | 1 |  1.0

Action                   |  1- 3 |  4- 6 |  7- 9 | 10-12 || total
-------------------------+-------+-------+-------+-------++-------
Melee: War axe           |    94 |   102 |   182 |   385 ||   763
       Kick              |       |    17 |    58 |   130 ||   205
Throw: Boomerang         |       |       |       |     1 ||     1
Invok: Call Merchant     |       |       |       |     1 ||     1
Evoke: Wand              |       |       |     9 |     6 ||    15
  Use: Scroll            |       |     1 |     9 |     6 ||    16
       Potion            |       |       |     8 |     1 ||     9
 Stab: Paralysed         |       |       |     3 |     9 ||    12
       Distracted        |       |       |       |     3 ||     3
       Confused          |       |       |       |     2 ||     2
       Petrifying        |       |       |       |     1 ||     1
Armor: Scale mail        |    51 |    36 |    10 |       ||    97
       Skin              |       |       |    35 |       ||    35
       Acid dragon scale |       |       |    24 |       ||    24
       Plate armour      |       |       |    72 |   203 ||   275
Dodge: Dodged            |    31 |    46 |    80 |    72 ||   229
Block: Buckler           |    28 |    24 |    92 |   168 ||   312
       Reflection        |       |       |     4 |     7 ||    11

Table legend: (Time is in decaauts)
 A = Elapsed time spent in this place.
 B = Non-inter-level travel time spent in this place.
 C = Inter-level travel time spent in this place.
 D = Time resting spent in this place.
 E = Time spent auto-exploring this place.
 F = Levels seen in this place.
 G = Mean time per level.
                   A        B        C        D        E       F      G
               +--------+--------+--------+--------+--------+-----+--------+
         Total |  14524 |  14139 |    385 |   2231 |   9430 |  13 | 1117.2 |
       Dungeon |  13649 |  13264 |    385 |   1791 |   9262 |  12 | 1137.4 |
        Bailey |    875 |    875 |      0 |    440 |    167 |   1 |  875.0 |
               +--------+--------+--------+--------+--------+-----+--------+

Top non-repeatable levels by time:
     D:9: 1838 daAuts
     D:6: 1526 daAuts
    D:10: 1488 daAuts
     D:3: 1248 daAuts
     D:5: 1236 daAuts
    D:11: 1142 daAuts
     D:1: 1016 daAuts
     D:2: 1006 daAuts
     D:7: 949 daAuts
  Bailey: 875 daAuts
     D:8: 807 daAuts
    D:12: 728 daAuts
     D:4: 661 daAuts
